 Dungeon Crawl Stone Soup version 0.30-a0-918-g0ff054e9dc (webtiles) character file.

Game seed: 15181941745243019344

20 NotreDorf the Caller (level 2, 0/19 HPs)
             Began as a Merfolk Summoner on Mar 20, 2023.
             Slain by an adder (3 damage)
             ... on level 2 of the Dungeon.
             The game lasted 00:05:06 (842 turns).

NotreDorf the Caller (Merfolk Summoner)              Turns: 842, Time: 00:05:06

Health: 0/19       AC:  4    Str:  8    XL:     2   Next: 79%
Magic:  3/5        EV: 12    Int: 14    God:
Gold:   50         SH:  0    Dex: 14    Spells: 2/5 levels left

rFire   . . .      SeeInvis .    k - +0 trident
rCold   . . .      Faith    .    (no shield)
rNeg    . . .      Spirit   .    d - +1 leather armour {rPois}
rPois   +          Reflect  .    (no helmet)
rElec   .          Rampage  .    (no cloak)
rCorr   .                        (no gloves)
Will    .....                    (no boots)
Stlth   ++                       (no amulet)
HPRegen 0.23/turn                (no ring)
MPRegen 0.09/turn                (no ring)

@: no status effects
A: (nimble swimmer 2), mertail
a: no special abilities


You were on level 2 of the Dungeon.
You visited 1 branch of the dungeon, and saw 2 of its levels.

You collected 50 gold pieces.

Inventory:

Hand Weapons
 k - a +0 trident (weapon)
Armour
 d - a +1 leather armour of poison resistance (worn)
Scrolls
 c - a scroll of teleportation {unknown}
 i - a scroll of identify {unknown}
 j - a scroll of vulnerability {unknown}
Potions
 b - a potion of magic
 f - a potion of degeneration {unknown}
 g - a potion of ambrosia {unknown}
 h - a potion of lignification {unknown}


   Skills:
 + Level 0.0 Polearms
 + Level 3.2 Dodging
 + Level 2.6 Stealth
 + Level 2.2 Spellcasting
 + Level 4.1 Summonings


You had 2 spell levels left.
You knew the following spells:

 Your Spells              Type           Power      Damage    Failure   Level
a - Summon Small Mammal   Summ           52%        N/A       6%          1
b - Call Imp              Summ           13%        N/A       9%          2

Your spell library contained the following spells:

 Spells                   Type           Power      Damage    Failure   Level
 Ensorcelled Hibernation  Hex/Ice        2%         N/A       45%         2
 Passwall                 Tmut/Erth      0%         N/A       45%         2
 Call Canine Familiar     Summ           13%        N/A       19%         3
 Summon Guardian Golem    Hex/Summ       7%         N/A       41%         3
 Gell's Gravitas          Tloc           1%         N/A       71%         3
 Swiftness                Air            1%         N/A       71%         3
 Teleport Other           Tloc           1%         N/A       71%         3
 Summon Lightning Spire   Summ/Air       7%         N/A       82%         4
 Dispersal                Tloc           0%         N/A       100%        6


Dungeon Overview and Level Annotations

Branches:
Dungeon (2/15)

Altars:

Annotations:
D:2 Sigmund


Innate Abilities, Weirdness & Mutations

((You are very nimble when in or above water. (Stealth+, EV+, Speed+++)))
Your lower body shifts to a powerful aquatic tail in water.


Message History

Casting: Summon Small Mammal (safe; 6% risk of failure)
Confirm with . or Enter, or press ? or * to list all spells.
Something hits you. Something hits you. Something hits you!
Ouch! That really hurt!
* * * LOW HITPOINT WARNING * * *
An adder comes into view.
The adder hisses angrily.
Okay, then.
It was a potion of curing.
You feel better. Something hits your white imp!
Your white imp dies!
Your white imp disappears in a puff of smoke!
You closely miss the adder. The adder barely misses you. The adder bites you.
You closely miss the adder. Your punch misses the adder.
The adder closely misses you. Something hits you.
You hit the adder.
The adder is moderately wounded.
The adder bites you but does no damage. The adder barely misses you.
Something hits you.
You hit the adder.
The adder is almost dead.
The adder bites you but does no damage. The adder misses you.
Something hits you.
* * * LOW HITPOINT WARNING * * *
You closely miss the adder.
The adder is almost dead.
The adder closely misses you. x2
You hear some strange, mumbled words.
Your quokka appears confused.
The adder barely misses you.
Your quokka completely misses something.
Something hits your quokka.
You barely miss the adder.
The adder is almost dead.
The adder closely misses you. x2
You closely miss the adder.
The adder is almost dead.
Something hits your quokka. The adder bites you.
You die...

#. #.# #### # ...
...## #.#.# #...
##.#.# #..#
....###..#
#..##..####.#
#..r.@......#
#.###.r##S.######
#.....###..#
#####.# #....
##.###.####
##.#.##.#
#.###...#
#..#.#### #.#.##
#####.#


You could see an adder (ally target) and 2 friendly quokkas.

Vanquished Creatures
  A goblin (D:1)
  A kobold (D:1)
  A ball python (D:1)
  2 bats (D:1)
5 creatures vanquished.

Vanquished Creatures (collateral kills)
  2 dart slugs (D:1)
  A ball python (D:1)
  3 endoplasms (D:1)
  A quokka (D:1)
  A bat (D:1)
  A frilled lizard (D:1)
  A kobold (D:1)
  A rat (D:1)
11 creatures vanquished.

Grand Total: 16 creatures vanquished

Notes
Turn   | Place    | Note
-------+----------+-------------------------------------------
     0 | D:1      | NotreDorf the Merfolk Summoner began the quest for the Orb.
     0 | D:1      | Reached XP level 1. HP: 13/13 MP: 3/3
   102 | D:1      | Reached XP level 2. HP: 19/19 MP: 3/5
   355 | D:1      | Found a faded altar of an unknown god.
   731 | D:1      | Learned a level 2 spell: Call Imp
   819 | D:2      | Noticed Sigmund
   842 | D:2      | Slain by an adder

Illustrated notes

Levels and vault maps discovered:
D:1:      saegor_arrival_simple_e, layout_basic, shapermc_ecumenical_altar_petra
D:2:      layout_loops_ring, uniq_sigmund, uniq_jessica

Skill      XL: |  1  2 |
---------------+-------+-----
Dodging        | 3 |  3.2
Stealth        | |  2.6
Spellcasting   | |  2.2
Summonings     | |  4.1

Action                     || total
---------------------------++-------
  Melee: Unarmed           ||    10
         Short sword       ||    21
         Trident           ||     7
   Cast: Summon Small Mamm ||    19
         Call Imp          ||     1
    Use: Potion            ||     1
   Stab: Distracted        ||     1
 Armour: Robe              ||    11
         Leather armour    ||     2
  Dodge: Dodged            ||    29

Table legend: (Time is in decaauts)
 A = Elapsed time spent in this place.
 B = Non-inter-level travel time spent in this place.
 C = Inter-level travel time spent in this place.
 D = Time resting spent in this place.
 E = Time spent auto-exploring this place.
 F = Levels seen in this place.
 G = Mean time per level.
                   A        B        C        D        E       F      G
               +--------+--------+--------+--------+--------+-----+--------+
         Total |    842 |    822 |     20 |     13 |    612 |   2 |  421.0 |
       Dungeon |    842 |    822 |     20 |     13 |    612 |   2 |  421.0 |
               +--------+--------+--------+--------+--------+-----+--------+

Top non-repeatable levels by time:
     D:1: 750 daAuts
     D:2: 92 daAuts
